 Dungeon Crawl Stone Soup version 0.26.0-20-g3ca415f5b8 (webtiles) character file.

Game seed: 13658737215807749778

512 kaeus the Firebug (level 7, -1/36 HPs)
             Began as a Gargoyle Fire Elementalist on Jan 24, 2021.
             Slain by an ogre
             ... wielding a +0 giant club
              (12 damage)
             ... on level 4 of the Dungeon.
             The game lasted 00:03:51 (5896 turns).

kaeus the Firebug (Gargoyle Fire Elementalist)      Turns: 5896, Time: 00:03:52

Health: -1/36      AC:  8    Str: 11    XL:     7   Next: 19%
Magic:  11/12      EV: 12    Int: 18    God:
Gold:   131        SH:  0    Dex: 10    Spells: 12/13 levels left

rFire    . . .     SeeInvis .   t - +3 scythe (venom)
rCold    . . .     Faith    .   (shield currently unavailable)
rNeg     + . .     Spirit   .   a - +0 robe
rPois    ∞         Reflect  .   (no helmet)
rElec    +         Harm     .   (no cloak)
rCorr    .         Rampage  .   e - +1 pair of gloves
Will     .....                  (no boots)
Stlth    ++........             (no amulet)
HPRegen  0.12/turn              (no ring)
MPRegen  0.13/turn              (no ring)

@: no status effects
A: negative energy resistance 1, electricity resistance, unbreathing,
petrification resistance, miasma immunity, AC +4
a: no special abilities


You were on level 4 of the Dungeon.
You visited 1 branch of the dungeon, and saw 4 of its levels.

You collected 131 gold pieces.

Inventory:

Hand Weapons
 t - a +3 scythe of venom (weapon)
Armour
 a - a +0 robe (worn)
 e - a +1 pair of gloves (worn)
Magical Staves
 p - an uncursed staff of poison
 u - an uncursed staff of earth
Jewellery
 n - a cursed ring of teleportation {unknown}
 o - an uncursed ring of protection from cold {unknown}
Scrolls
 b - a scroll of remove curse {unknown}
 c - 6 scrolls of teleportation {unknown}
 g - 3 scrolls of fear {unknown}
 i - 3 scrolls of amnesia {unknown}
 l - a scroll of identify {unknown}
 m - 2 scrolls of blinking {unknown}
 r - a scroll of fog {unknown}
 s - a scroll of random uselessness {unknown}
Potions
 d - 2 potions of ambrosia {unknown}
 f - a potion of flight {unknown}
 h - 2 potions of mutation {unknown}
 j - 3 potions of curing {unknown}
 k - a potion of berserk rage {unknown}
 q - a potion of lignification {unknown}


   Skills:
 - Level 1.5 Dodging
 - Level 2.1 Stealth
 + Level 3.5 Spellcasting
 * Level 5.1 Conjurations
 * Level 5.5 Fire Magic


You had 12 spell levels left.
You knew the following spells:

 Your Spells              Type           Power        Failure   Level
a - Foxfire               Conj/Fire      88%          1%          1

Your spell library contained the following spells:

 Spells                   Type           Power        Failure   Level
 Conjure Flame            Conj/Fire      22%          5%          3
 Inner Flame              Hex/Fire       13%          16%         3
 Sticky Flame             Conj/Fire      22%          17%         4
 Fireball                 Conj/Fire      11%          43%         5


Dungeon Overview and Level Annotations

Branches:
Dungeon (4/15)
 Temple: D:4-7

Altars:
Fedhas
Nemelex Xobeh


Innate Abilities, Weirdness & Mutations

You are resistant to torment.
Your stone body is resilient. (AC +4)
You are immune to poison.
You resist negative energy. (rN+)
You are resistant to electric shocks. (rElec)
You can survive without breathing.
You are immune to petrification.
You are immune to miasma.


Message History

The ogre closely misses you. The ogre completely misses you.
An ogre is nearby!
You closely miss the ogre.
The ogre is severely wounded.
The ogre hits you with a +0 giant club!!
Ouch! That really hurt!
An ogre is nearby!
You take 25 damage, and have 11/36 hp.
MASSIVE DAMAGE!!
You are too injured to fight recklessly!
An ogre is nearby!
You are too injured to fight recklessly!
An ogre is nearby!
You are too injured to fight recklessly!
An ogre is nearby!
You are too injured to fight recklessly!
An ogre is nearby!
You completely miss the ogre.
The ogre is almost dead.
The ogre barely misses you. The ogre hits you with a +0 giant club!
You die...

## #.#.##.####.###.#
.# #.#.##.#....###.###
.# #.#.##.#.##.......#
.###.#.........#####.#
...............#
.#.##.....#.##.#
.#.##.#####.##.#
.#.##.# #.##.#####.#
.#.##.# #.##..@.)..#
.#.##.# #.#####O####
.#.##.# #.# .#
...##.#####.# .#
....(.......# .#
#####.####### .#
......######## .#
.P............ .#
_..###########


You could see an ogre (poisoned).

Vanquished Creatures
  Sigmund (D:3)
  A bullfrog skeleton (D:4)
  Jessica (D:3)
  2 orc wizards
  3 worker ants (D:4)
  A howler monkey skeleton (D:2)
  2 adders (D:3)
  An ooze (D:4)
  An adder zombie (D:4)
  8 worms
  5 dart slugs
  3 leopard geckos
  9 orcs
  12 bats
  4 giant cockroaches
  5 goblins
  6 hobgoblins
  9 jackals
  10 kobolds
  A quokka (D:4)
  A ball python (D:1)
  8 frilled lizards
  A jackal skeleton (D:3)
  9 rats
104 creatures vanquished.

Vanquished Creatures (others)
  311 foxfires
311 creatures vanquished.

Grand Total: 415 creatures vanquished

Notes
Turn   | Place    | Note
-------+----------+-------------------------------------------
     0 | D:1      | kaeus the Gargoyle Fire Elementalist began the quest for
                  | the Orb.
     0 | D:1      | Reached XP level 1. HP: 10/10 MP: 3/3
   387 | D:1      | Reached XP level 2. HP: 15/15 MP: 0/5
   851 | D:1      | You fall into a shaft and drop 1 floor!
   884 | D:1      | Reached XP level 3. HP: 10/19 MP: 0/6
  1874 | D:2      | Found a faded altar of an unknown god.
  1883 | D:2      | Reached XP level 4. HP: 24/24 MP: 3/7
  2893 | D:3      | Noticed Jessica
  2899 | D:3      | Killed Jessica
  2935 | D:3      | Reached XP level 5. HP: 6/28 MP: 1/9
  4335 | D:3      | Found a sparkling altar of Nemelex Xobeh.
  4404 | D:3      | Noticed Sigmund
  4410 | D:3      | Killed Sigmund
  4411 | D:3      | Reached skill level 5 in Fire Magic
  4411 | D:3      | Reached XP level 6. HP: 32/32 MP: 0/10
  5095 | D:4      | Found a blossoming altar of Fedhas.
  5595 | D:4      | Reached XP level 7. HP: 36/36 MP: 2/12
  5697 | D:4      | Reached skill level 5 in Conjurations
  5896 | D:4      | Slain by an ogre

Illustrated notes

Levels and vault maps discovered:
D:1:      lightli_arrival_maybe_door_vault, layout_loops_ring
D:2:      layout_basic, chequers_ecumenical_altar_simple_redux,
          minmay_quadrilaterals
D:3:      layout_basic, general_overflow_altar, uniq_sigmund, uniq_jessica
D:4:      layout_loops_ring, fedhas_altar_1

Skill      XL: |  1  2  3  4  5  6  7 |
---------------+----------------------+-----
Conjurations   | 2 3 4 5 |  5.1
Fire Magic     | 4 5 |  5.5
Spellcasting   | 3 |  3.5
Dodging        | |  1.5
Stealth        | |  2.1

Action                   |  1- 3 |  4- 6 |  7- 9 || total
-------------------------+-------+-------+-------++-------
Melee: Unarmed           |     5 |       |       ||     5
       Short sword       |    45 |    68 |       ||   113
       Club              |     1 |       |       ||     1
       Hand axe          |       |    16 |       ||    16
       Scythe            |       |    29 |    13 ||    42
 Cast: Foxfire           |    70 |   177 |    13 ||   260
Armor: Robe              |    22 |    40 |     7 ||    69
Dodge: Dodged            |    41 |    81 |     8 ||   130
